 Dungeon Crawl Stone Soup version 0.27.1-35-g4d5d836560 (webtiles) character file.

Game seed: 14432669290210987918

17 unlimited1921 the Vexing (level 2, 0/23 HPs)
             Began as a Gnoll Arcane Marksman on May 2, 2022.
             Succumbed to a goblin's poison
             ... on level 1 of the Dungeon.
             The game lasted 00:02:18 (402 turns).

unlimited1921 the Vexing (Gnoll Arcane Marksman)     Turns: 402, Time: 00:02:18

Health: 0/23       AC:  2    Str:  9    XL:     2   Next: 62%
Magic:  5/5        EV: 13    Int: 12    God:
Gold:   23         SH:  0    Dex: 12    Spells: 5/6 levels left

rFire    . . .     SeeInvis .   a - +0 hand crossbow
rCold    . . .     Faith    .   (no shield)
rNeg     . . .     Spirit   .   d - +0 robe
rPois    .         Reflect  .   (no helmet)
rElec    .         Harm     .   (no cloak)
rCorr    .         Rampage  .   (no gloves)
Will     .....                  (no boots)
Stlth    +.........             (no amulet)
HPRegen  0.07/turn              (no ring)
MPRegen  0.09/turn              (no ring)

@: lethally poisoned (0 -> -9), flying
A: fangs 1, strong nose, distributed training
a: no special abilities


You were on level 1 of the Dungeon.
You visited 1 branch of the dungeon, and saw 1 of its levels.

You collected 23 gold pieces.

Inventory:

Hand Weapons
 a - a +0 hand crossbow (weapon)
Missiles
 c - 3 bolts (quivered ammo)
Armour
 d - a +0 robe (worn)
Scrolls
 e - a scroll of holy word {unknown}
 f - a scroll of identify {unknown}
 g - a scroll of blinking {unknown}
 h - a scroll of amnesia {unknown}


   Skills:
 + Level 2.5 Fighting
 + Level 0.5 Short Blades
 + Level 0.5 Long Blades
 + Level 0.5 Axes
 + Level 0.5 Maces & Flails
 + Level 0.5 Polearms
 + Level 0.5 Staves
 + Level 0.5 Slings
 + Level 0.5 Bows
 + Level 4.5 Crossbows
 + Level 0.5 Throwing
 + Level 0.5 Armour
 + Level 4.5 Dodging
 + Level 0.5 Stealth
 + Level 0.5 Shields
 + Level 0.5 Unarmed Combat
 + Level 2.7 Spellcasting
 + Level 0.3 Conjurations
 + Level 5.3 Hexes
 + Level 0.3 Summonings
 + Level 0.3 Necromancy
 + Level 0.3 Translocations
 + Level 0.3 Transmutations
 + Level 0.3 Fire Magic
 + Level 0.3 Ice Magic
 + Level 0.3 Air Magic
 + Level 0.3 Earth Magic
 + Level 0.3 Poison Magic
 + Level 0.6 Invocations
 + Level 0.5 Evocations


You had 5 spell levels left.
You knew the following spells:

 Your Spells              Type           Power      Damage    Failure   Level
a - Corona                Hex            15%        N/A       2%          1

Your spell library contained the following spells:

 Spells                   Type           Power      Damage    Failure   Level
 Slow                     Hex            14%        N/A       4%          2
 Inner Flame              Hex/Fire       8%         N/A       24%         3
 Portal Projectile        Hex/Tloc       16%        N/A       24%         3
 Cause Fear               Hex            7%         N/A       26%         4


Dungeon Overview and Level Annotations

Branches:
Dungeon (1/15)

Altars:


Innate Abilities, Weirdness & Mutations

You have very sharp teeth.
Your uncanny sense of smell can sniff out nearby items.
Your experience applies equally to all skills.


Message History

c - 6 bolts (gained 1)
You see here a ball python corpse.
A quokka comes into view.
You see here 2 bolts.
You see here 2 bolts.
c - 7 bolts (gained 1)
c - 8 bolts (gained 1)
A goblin comes into view. It is wielding a +2 dagger of venom.
You see here a bolt.
You shoot a bolt. The bolt barely misses the quokka.
The goblin shouts!
The quokka closely misses you.
You shoot a bolt. The bolt misses the quokka.
The quokka bites you.
A goblin comes into view. It is wielding a +0 dagger.
Fire: 6 bolts
Press: ? - help, Q - select action, (/) - cycle Shift-Dir - straight line, f/p - quokka
Aim: a quokka (54% to hit)
You shoot a bolt. The bolt misses the quokka.
The quokka barely misses you. The quokka bites you.
You shoot a bolt. The bolt hits the quokka.
The quokka is heavily wounded.
The quokka closely misses you.
The goblin hits you with a +2 dagger of venom.
You are poisoned.
You shoot a bolt. The bolt hits the quokka!
You kill the quokka!
You feel very sick.
The goblin hits you with a +2 dagger of venom.
You are lethally poisoned!
You feel very sick.
You are too injured to fight recklessly!
* * * LOW HITPOINT WARNING * * *
You feel very sick.
* * * LOW HITPOINT WARNING * * *
You feel sick.
You are too injured to fight recklessly!
It was a potion of flight.
You feel very buoyant.
You fly up into the air.
You die...

.. # .#... #.. ... .#
##.... ##. ....
#.###..... #..
.r##..#...... #.<
..(.#.#..#.# #.. .###
#..#.#..#.# ### ...
#..#.#.g#.# ### #..
#.##..(.#(.#.#..... #.8
##.......(.g@...# #..
.......†)####.#.....
.######'
###.####....#####.#.####
........
.......................
.####.#.
....#####(..≈♣####..###
#..) . #...≈♣ #.... #...
##♣≈..≈♣♣ #### #...
#≈≈.≈.≈≈♣♣ #.#.
♣♣≈≈P...†≈♣♣ #.#.


You could see 2 goblins.

Vanquished Creatures
  A dart slug (D:1)
  A ball python (D:1)
  An endoplasm (D:1)
  2 goblins (D:1)
  3 jackals (D:1)
  2 quokkas (D:1)
  A bat (D:1)
  A frilled lizard (D:1)
  A rat (D:1)
13 creatures vanquished.

Notes
Turn   | Place    | Note
-------+----------+-------------------------------------------
     0 | D:1      | unlimited1921 the Gnoll Arcane Marksman began the quest for
                  | the Orb.
     0 | D:1      | Reached XP level 1. HP: 17/17 MP: 4/4
   177 | D:1      | Found a faded altar of an unknown god.
   179 | D:1      | Noticed a great orb of eyes
   182 | D:1      | Noticed a floating eye
   182 | D:1      | Noticed a floating eye
   182 | D:1      | Noticed an eye of devastation
   186 | D:1      | Reached XP level 2. HP: 23/23 MP: 5/5
   402 | D:1      | Succumbed to a goblin's poison

Illustrated notes

Levels and vault maps discovered:
D:1:      minmay_arrival_nine_rooms, layout_loops_ring,
          hellmonk_ecumenical_altar_watching_god, serial_bayou_ford_a,
          minmay_misc_feat_rows

Action                   || total
-------------------------++-------
 Fire: Hand crossbow     ||    45
  Use: Potion            ||     1
Armor: Robe              ||     2
Dodge: Dodged            ||    15
